 Dungeon Crawl Stone Soup version 0.19-a0-1834-g6b7851e (webtiles) character file.

1570 jbasstz the Cudgeler (level 8, -4/49 HPs)
             Began as a Gargoyle Fighter on Oct 8, 2016.
             Was a Believer of Trog.
             Killed by divine providence
             ... invoked by an orc priest
              (16 damage)
             ... on level 7 of the Dungeon.
             The game lasted 00:19:57 (5852 turns).

jbasstz the Cudgeler (Gargoyle Fighter)             Turns: 5852, Time: 00:19:58

Health: -4/49      AC: 12    Str: 21    XL:     8   Next: 90%
Magic:  8/8        EV:  9    Int: 10    God:    Trog [**....]
Gold:   222        SH: 10    Dex:  9    Spells: 0 memorised, 7 levels left

rFire  . . .     SeeInvis .     a - +0 flail
rCold  . . .     Gourm    .     b - +0 scale mail
rNeg   + . .     Faith    .     c - +0 shield
rPois  ∞         Spirit   .     (no helmet)
rElec  +         Dismiss  .     (no cloak)
rCorr  .         Reflect  .     (no gloves)
MR     .....     Harm     .     (no boots)
Stlth  ..........               (no amulet)
                                (no ring)
                                (no ring)

@: no status effects
A: negative energy resistance 1, electricity resistance, unbreathing,
petrification resistance, rot immunity, AC +5
a: Berserk, Trog's Hand, Burn Spellbooks, Renounce Religion


You were on level 7 of the Dungeon.
You worshipped Trog.
Trog was pleased with you.
You were very hungry.

You visited 1 branch of the dungeon, and saw 7 of its levels.

You collected 222 gold pieces.

Inventory:

Hand Weapons
 a - a +0 flail (weapon)
Armour
 b - a +0 scale mail (worn)
 c - a +0 shield (worn)
Jewellery
 p - a +4 ring of dexterity {unknown}
 F - a +2 amulet of reflection {unknown}
Wands
 y - a wand of teleportation (5/9)
Scrolls
 e - a scroll of fog {unknown}
 h - 4 scrolls of remove curse {unknown}
 i - 7 scrolls of identify {unknown}
 q - a scroll of magic mapping {unknown}
 r - 2 scrolls of recharging {unknown}
 s - 3 scrolls of fear {unknown}
 t - a scroll of enchant armour {unknown}
 v - a scroll of random uselessness {unknown}
 w - a scroll of amnesia {unknown}
 C - 2 scrolls of teleportation {unknown}
 D - a scroll of blinking {unknown}
 E - a scroll of enchant weapon {unknown}
 H - a scroll of noise {unknown}
Potions
 d - a potion of might
 j - 4 potions of agility {unknown}
 k - a potion of flight {unknown}
 l - a potion of ambrosia {unknown}
 m - 3 potions of heal wounds {unknown}
 o - 2 potions of curing {unknown}
 x - a potion of lignification {unknown}
 z - 3 potions of brilliance {unknown}
 A - 3 potions of invisibility {unknown}
 G - a potion of degeneration {unknown}
Comestibles
 f - 3 bread rations
 g - 2 meat rations
 n - a fruit
 u - a slice of pizza
 B - 3 beef jerkies


   Skills:
 + Level 5.1 Fighting
 + Level 7.4 Maces & Flails
 + Level 5.9 Armour
 + Level 2.5 Dodging
 + Level 0.5 Stealth
 + Level 6.0 Shields


You had 7 spell levels left.
You didn't know any spells.

Dungeon Overview and Level Annotations

Branches:
Dungeon (7/15)             Temple (0/1) D:6

Altars:
Cheibriados
Kikubaaqudgha
Okawaru
Ru
Sif Muna
Trog
Zin


Innate Abilities, Weirdness & Mutations

You are resistant to torment.
Your stone body is resilient. (AC +5)
You are immune to poison.
You resist negative energy. (rN+)
You are resistant to electric shocks. (rElec)
You can survive without breathing.
You are immune to petrification.
You are immune to rotting.


Message History

The orc hits you with a flail.
You closely miss the orc.
The orc wizard casts a spell.
The orc wizard seems to speed up.
You hit the orc but do no damage.
The orc wizard mumbles some strange words.
The orc wizard blinks!
You block the orc's attack.
You hit the orc but do no damage. The orc closely misses you.
You hit the orc but do no damage. The orc hits you with a flail.
The orc wizard mumbles some strange words.
The orc wizard blinks!
You hit the orc.
The orc is heavily wounded.
The orc priest mumbles some strange prayers to Beogh against you.
Beogh smites you!
* * * LOW HITPOINT WARNING * * *
The orc barely misses you.
The orc priest mumbles some strange prayers to Beogh against you.
Beogh smites you!
You die...

.# .. .#.=. .#... #######
####...#......#.
......c##...........[.#.
....>.oo@...# ......#.
......o##.#.## #..(..#.
....... #....# #.....#.#
....... ###..# #.....#..
.......#####.####.....#.#
###......................
oo...#.####.###.....##.
...o.. #..##.....##.
##.##.....##'


You could see a centaur, 2 orc priests and an orc.

Vanquished Creatures
  Sigmund (D:5)
  A hungry ghost (D:7)
  A sky beast (D:6)
  A phantom (D:5)
  4 ogres
  2 centaurs
  A bullfrog (D:6)
  A crimson imp (D:6)
  A bullfrog skeleton (D:5)
  A hound (D:4)
  A centaur skeleton (D:6)
  Jessica (D:2)
  Ijyb (D:2)
  An iguana (D:4)
  An orc wizard (D:6)
  Terence (D:3)
  5 worker ants
  A worker ant zombie (D:5)
  Robin (D:2)
  5 adders
  An adder skeleton (D:6)
  A worm (D:2)
  A dart slug (D:2)
  A leopard gecko (D:6)
  17 orcs
  5 giant cockroaches
  21 goblins
  9 hobgoblins
  13 jackals
  3 quokkas
  A ball python (D:3)
  A ball python skeleton (D:5)
  4 bats
  3 frilled lizards
  4 kobolds
  A leopard gecko skeleton (D:6)
  5 rats
123 creatures vanquished.

Notes
Turn   | Place    | Note
-------+----------+-------------------------------------------
     0 | D:1      | jbasstz the Gargoyle Fighter began the quest for the Orb.
     0 | D:1      | Reached XP level 1. HP: 14/14 MP: 1/1
    74 | D:1      | Reached XP level 2. HP: 7/19 MP: 2/2
   669 | D:1      | Found a snail-covered altar of Cheibriados.
   744 | D:1      | Found a glowing silver altar of Zin.
   847 | D:2      | Noticed Ijyb
   860 | D:2      | Killed Ijyb
   860 | D:2      | Reached XP level 3. HP: 23/23 MP: 3/3
   971 | D:2      | Reached XP level 4. HP: 23/28 MP: 4/4
   988 | D:2      | Noticed Robin
  1022 | D:2      | Killed Robin
  1427 | D:2      | Found a glowing silver altar of Zin.
  1427 | D:2      | Found an ancient bone altar of Kikubaaqudgha.
  1427 | D:2      | Found a sacrificial altar of Ru.
  1459 | D:2      | Noticed Jessica
  1464 | D:2      | Killed Jessica
  1479 | D:2      | Reached skill level 3 in Maces & Flails
  1548 | D:2      | Reached XP level 5. HP: 31/32 MP: 5/5
  1571 | D:2      | Found a bloodstained altar of Trog.
  1624 | D:2      | Became a worshipper of Trog the Wrathful
  1748 | D:2      | Reached skill level 1 in Dodging
  2119 | D:3      | Noticed Terence
  2129 | D:3      | Killed Terence
  2432 | D:3      | Reached XP level 6. HP: 38/38 MP: 6/6
  2674 | D:3      | Reached * piety under Trog
  2770 | D:3      | Found an iron altar of Okawaru.
  3073 | D:4      | Reached skill level 5 in Shields
  3252 | D:4      | Reached skill level 4 in Maces & Flails
  3317 | D:4      | Found a deep blue altar of Sif Muna.
  3514 | D:4      | Reached XP level 7. HP: 38/43 MP: 7/7
  3535 | D:5      | Entered Level 5 of the Dungeon
  3591 | D:5      | Reached skill level 5 in Maces & Flails
  3741 | D:5      | Noticed Sigmund
  3773 | D:5      | Killed Sigmund
  3773 | D:5      | Reached skill level 5 in Armour
  4608 | D:6      | Reached ** piety under Trog
  4608 | D:6      | Reached XP level 8. HP: 48/48 MP: 8/8
  4626 | D:6      | Reached skill level 6 in Maces & Flails
  5109 | D:6      | Reached skill level 7 in Maces & Flails
  5239 | D:6      | Reached skill level 5 in Fighting
  5488 | D:6      | Found a staircase to the Ecumenical Temple.
  5762 | D:7      | Paralysed by fainting for 7 turns
  5852 | D:7      | Killed from afar by an orc priest

Vault maps used:
D:1:      sevenhm_arrival_forest_fort_small_6, cheibriados_altar_1
D:2:      gammafunk_temple_overflow_forgotten, trog_hazing_becter, uniq_iyjb,
          uniq_robin, uniq_jessica
D:3:      minmay_diamond_boxcup, okawaru_metal_pillars_3, uniq_terence
D:4:      kennysheep_mini_moat, first_bread, serial_park_tiny_1,
          minmay_misc_feat_diagonals
D:5:      uniq_sigmund
D:6:      dk_rats_in_the_wall
D:7:      serial_shops, nicolae_shop_statue_plus, lightli_minifort

Skill      XL: |  1  2  3  4  5  6  7  8 |
---------------+-------------------------+-----
Shields        | 4 5 6 |  6.0
Maces & Flails | 3 4 5 7 |  7.4
Armour         | 4 5 |  5.9
Dodging        | 1 2 |  2.5
Fighting       | 4 5 |  5.1
Stealth        | |  0.5

Action                   |  1- 3 |  4- 6 |  7- 9 || total
-------------------------+-------+-------+-------++-------
Melee: Flail             |   101 |   275 |   223 ||   599
  Eat: Chunk             |       |     9 |     5 ||    14
       Fruit             |       |       |     2 ||     2
       Beef jerky        |       |       |     2 ||     2
Armor: Scale mail        |    84 |   139 |    88 ||   311
Dodge: Dodged            |    57 |    81 |    75 ||   213
Block: Shield            |    94 |   159 |    83 ||   336
